 Dungeon Crawl Stone Soup version 0.24.0-1-gfbc8707122 (webtiles) character file.

Game seed: 131762667018314062, levelgen mode: deterministic

9818 Froggeryz the Arsonist (level 11, -1/97 HPs)
             Began as a Naga Fire Elementalist on Oct 28, 2019.
             Was the Champion of Cheibriados.
             Slain by a wyvern zombie (14 damage)
             ... on level 10 of the Dungeon.
             The game lasted 00:31:34 (9665 turns).

Froggeryz the Arsonist (Naga Fire Elementalist)     Turns: 9665, Time: 00:31:35

Health: -1/97      AC: 10    Str: 26    XL:     11   Next: 52%
Magic:  6/20       EV: 10    Int: 34    God:    Cheibriados [******]
Gold:   353        SH:  0    Dex: 26    Spells: 9/22 levels left

rFire    . . .     SeeInvis +   C - staff of energy
rCold    + . .     Gourm    .   (no shield)
rNeg     . . .     Faith    .   k - +1 leather armour {rC+}
rPois    +         Spirit   .   p - +1 helmet
rElec    .         Reflect  .   n - +0 cloak
rCorr    .         Harm     .   w - +0 pair of gloves
MR       ++...                  (no barding)
Stlth    +++.......             y - amulet of magic regeneration
HPRegen  0.26/turn              a - ring of protection from magic
MPRegen  0.42/turn              (no ring)

@: very slightly contaminated, very slow
A: large, see invisible, deformed body, poison resistance, slowness 2, slow
metabolism 1, spit poison 1, AC +3
a: Spit Poison, Bend Time, Temporal Distortion, Slouch, Step From Time, Renounce
Religion


You were on level 10 of the Dungeon.
You worshipped Cheibriados.
Cheibriados was exalted by your worship.
You were not hungry.

You visited 1 branch of the dungeon, and saw 10 of its levels.

You collected 514 gold pieces.
You spent 161 gold pieces at shops.

Inventory:

Hand Weapons
 e - a +0 dagger of draining
 i - a +1 whip of venom
 j - a +3 whip of freezing
Armour
 k - a +1 leather armour of cold resistance (worn)
 n - a +0 cloak (worn)
 p - a +1 helmet (worn)
 w - a +0 pair of gloves (worn)
 B - the cursed +0 shield of Plog {SInv}
   (You bought it in a shop on level 6 of the Dungeon)

   It lets you see invisible.
   It has a curse placed upon it.
Magical Staves
 C - an uncursed staff of energy (weapon)
Jewellery
 a - a ring of protection from magic (left hand)
 y - an amulet of magic regeneration (around neck)
 G - an uncursed ring of ice
 J - an uncursed amulet of faith {unknown}
Wands
 b - a wand of disintegration (13)
 o - a wand of polymorph (8)
 q - a wand of flame (10)
 u - a wand of paralysis (4)
Scrolls
 d - 3 scrolls of enchant armour
 g - 3 scrolls of magic mapping
 h - a scroll of immolation {unknown}
 l - 6 scrolls of amnesia
 r - a scroll of teleportation
 t - 5 scrolls of enchant weapon
 v - 4 scrolls of remove curse
 D - a scroll of identify
 H - a scroll of summoning {unknown}
Potions
 m - 2 potions of haste {unknown}
 s - 3 potions of flight
 z - 2 potions of degeneration
 A - a potion of invisibility {unknown}
 E - a potion of curing
 F - a potion of agility
 I - a potion of ambrosia {unknown}
Comestibles
 c - 18 rations


   Skills:
 - Level 6.0 Fighting
 - Level 1.5 Dodging
 - Level 3.0 Stealth
 + Level 0.8 Shields
 - Level 6.1 Spellcasting
 + Level 9.7 Conjurations
 - Level 11.1 Fire Magic
 - Level 2.1 Invocations
 + Level 4.4 Evocations


You had 9 spell levels left.
You knew the following spells:

 Your Spells              Type           Power        Failure   Level  Hunger
a - Flame Tongue          Conj/Fire      #####        1%          1    None
b - Conjure Flame         Conj/Fire      ######..     1%          3    None
c - Sticky Flame          Conj/Fire      ######..     1%          4    None
d - Fireball              Conj/Fire      ######....   1%          5    None

Your spell library contained the following spells:

 Spells                   Type           Power        Failure   Level  Hunger
 Throw Flame              Conj/Fire      ######       1%          2    None
 Inner Flame              Hex/Fire       #####...     1%          3    None


Dungeon Overview and Level Annotations

Branches:
Dungeon (10/15)            Temple (0/1) D:4
   Lair: D:8-11         Orc: D:9-12

Altars:
Cheibriados
Fedhas
Gozag
Hepliaklqana
Ru
Sif Muna
Trog
Xom
The Shining One

Shops:
D:2 *   D:4 =   D:6 [

Annotations:
D:2 Natasha
D:9 2 transporters


Innate Abilities, Weirdness & Mutations

You cannot wear boots.
Your serpentine skin is tough. (AC +3)
You have supernaturally acute eyesight. (SInv)
Armour fits poorly on your strangely shaped body.
Your system is resistant to poisons. (rPois)
You cover ground very slowly.
You have a slow metabolism.
You can spit poison.


Message History

As you read the scroll of teleportation, it crumbles to dust.
You feel strangely unstable.
You feel better.
You feel better.
Your surroundings suddenly seem different.
A wyvern zombie comes into view.
The wyvern zombie barely misses you. x2; The wyvern zombie bites you!
* * * LOW HITPOINT WARNING * * *
Found a ration, 11 stones and 10 gold pieces.
Found an escape hatch in the ceiling.
An ice beast comes into view.
Unknown command.
Okay, then.
Okay, then.
Okay, then.
Okay, then.
You fail to use your ability.
The wyvern zombie barely misses you.
You warp the flow of time around you!
You feel somewhat more hungry. The wyvern zombie bites you!
You die...

############
#..........#
#..........#
##.$........#
............###
#.............
#(...%Y....#
#..........#
#......Z@..#
#########.## .#
## #.?.......
#........o
+.........


You could see an ice beast and a wyvern zombie.

Vanquished Creatures
  Gastronok (D:8)
  2 two-headed ogres
  Pikel (D:8)
  Maurice (D:8)
  Psyche (D:8)
  A queen bee (D:9)
  A troll (D:9)
  Prince Ribbit (D:8)
  A hippogriff (D:8)
  A meliai zombie (D:10)
  A vampire (D:10)
  3 yaks (D:10)
  A water moccasin (D:9)
  A soldier ant (D:9)
  3 orc warriors
  An ice beast (D:4)
  2 phantoms
  An ogre (D:7)
  A hornet zombie (D:8)
  4 centaurs
  2 big kobolds
  4 bullfrogs
  A wyvern zombie (D:7)
  A scorpion (D:8)
  22 killer bees
  4 howler monkeys
  A bullfrog zombie (D:7)
  2 crimson imps
  A quasit (D:8)
  2 hounds
  11 orc wizards
  3 iguanas
  3 jellies
  7 orc priests
  A bullfrog skeleton (D:3)
  Natasha (D:2)
  9 worker ants
  A killer bee zombie (D:9)
  2 hound zombies (D:6)
  A hound skeleton (D:7)
  2 howler monkey zombies
  Robin (D:2)
  A worker ant zombie (D:5)
  10 adders
  4 shadow imps
  An adder zombie (D:7)
  2 adder skeletons
  A worm (D:2)
  2 dart slugs (D:1)
  3 leopard geckos
  36 orcs
  7 bats
  6 giant cockroaches
  11 goblins
  8 hobgoblins
  4 jackals
  17 kobolds
  4 quokkas
  A ball python (D:2)
  4 frilled lizards
  A jackal zombie (D:8)
  2 leopard gecko skeletons (D:5)
  3 rats
239 creatures vanquished.

Notes
Turn   | Place    | Note
-------+----------+-------------------------------------------
     0 | D:1      | Froggeryz the Naga Fire Elementalist began the quest for
                  | the Orb.
     0 | D:1      | Reached XP level 1. HP: 15/15 MP: 3/3
    90 | D:1      | You fall into a shaft and drop 1 floor!
   206 | D:1      | Reached XP level 2. HP: 22/22 MP: 1/5
   743 | D:2      | Found an opulent altar of Gozag.
   746 | D:2      | Found Gozag's Platinum Reserve.
   829 | D:2      | Reached skill level 4 in Fire Magic
   920 | D:2      | Reached XP level 3. HP: 21/28 MP: 2/6
   989 | D:2      | Noticed Robin
   995 | D:2      | Killed Robin
  1004 | D:3      | Found a shimmering blue altar of Sif Muna.
  1180 | D:3      | Reached XP level 4. HP: 33/36 MP: 2/7
  1185 | D:3      | Learned a level 3 spell: Conjure Flame
  1195 | D:3      | Reached skill level 5 in Fire Magic
  1427 | D:3      | Reached XP level 5. HP: 14/42 MP: 8/8
  1820 | D:3      | Found a faded altar of an unknown god.
  2178 | D:3      | Reached skill level 6 in Fire Magic
  2338 | D:3      | Found a glowing golden altar of the Shining One.
  2338 | D:3      | Found a bloodstained altar of Trog.
  2343 | D:3      | Found a blossoming altar of Fedhas.
  2345 | D:3      | Found a faded altar of an unknown god.
  2346 | D:3      | Found a faded altar of an unknown god.
  2456 | D:3      | Found a snail-covered altar of Cheibriados.
  2471 | D:3      | Became a worshipper of Cheibriados the Contemplative
  2586 | D:2      | Found a sacrificial altar of Ru.
  2875 | D:2      | Noticed Natasha
  2879 | D:2      | Killed Natasha
  2879 | D:2      | Reached XP level 6. HP: 44/49 MP: 7/9
  3135 | D:2      | Noticed Natasha
  3207 | D:4      | Reached skill level 7 in Fire Magic
  3230 | D:4      | Learned a level 4 spell: Sticky Flame
  3334 | D:4      | Found Xiv Qoug's Jewellery Shop.
  3426 | D:4      | Reached * piety under Cheibriados
  3665 | D:4      | You fall into a shaft and drop 1 floor!
  3665 | D:5      | Entered Level 5 of the Dungeon
  3874 | D:4      | Reached XP level 7. HP: 39/55 MP: 10/10
  4108 | D:4      | Found a staircase to the Ecumenical Temple.
  4332 | D:4      | Reached skill level 8 in Fire Magic
  4383 | D:5      | Found a hazy altar of Hepliaklqana.
  4438 | D:5      | Reached ** piety under Cheibriados
  4824 | D:5      | Reached XP level 8. HP: 53/62 MP: 10/12
  5260 | D:6      | Reached *** piety under Cheibriados
  5295 | D:6      | Reached skill level 9 in Fire Magic
  5444 | D:6      | Found Vuix's Antique Armour Boutique.
  5461 | D:6      | Bought a crude shield for 161 gold pieces
  5461 | D:6      | Identified the cursed +0 shield of Plog {SInv} (You bought
                  | it in a shop on level 6 of the Dungeon)
  5958 | D:7      | Reached skill level 1 in Invocations
  6342 | D:7      | Reached XP level 9. HP: 59/68 MP: 9/14
  6662 | D:8      | Found a shimmering altar of Xom.
  6662 | D:8      | Found a shimmering altar of Xom.
  6662 | D:8      | Found a shimmering altar of Xom.
  6662 | D:8      | Found a shimmering altar of Xom.
  6662 | D:8      | Noticed Psyche
  6670 | D:8      | Reached **** piety under Cheibriados
  6673 | D:8      | Killed Psyche
  6673 | D:8      | Reached skill level 5 in Conjurations
  6673 | D:8      | Reached skill level 10 in Fire Magic
  6678 | D:8      | Found a shimmering altar of Xom.
  6678 | D:8      | Found a shimmering altar of Xom.
  6688 | D:8      | Found a shimmering altar of Xom.
  6985 | D:8      | Noticed Maurice
  6994 | D:8      | Killed Maurice
  6994 | D:8      | Reached skill level 11 in Fire Magic
  7122 | D:8      | Noticed Prince Ribbit
  7181 | D:8      | Killed Prince Ribbit
  7227 | D:8      | Reached ***** piety under Cheibriados
  7228 | D:8      | Reached XP level 10. HP: 28/75 MP: 6/16
  7499 | D:8      | Reached skill level 5 in Spellcasting
  7528 | D:8      | Learned a level 5 spell: Fireball
  7572 | D:8      | Noticed a two-headed ogre
  7794 | D:8      | Killed a two-headed ogre
  7810 | D:8      | Noticed Gastronok
  7834 | D:8      | Killed Gastronok
  7935 | D:8      | Noticed Pikel
  7942 | D:8      | Killed Pikel
  7942 | D:8      | Reached skill level 1 in Evocations
  8254 | D:9      | Noticed a fire dragon
  8255 | D:9      | Found a transporter.
  8255 | D:9      | Noticed a centaur warrior
  8255 | D:9      | Noticed a frost giant
  8256 | D:9      | Noticed a cyan ugly thing
  8256 | D:9      | Noticed a centaur warrior
  8311 | D:9      | Reached XP level 11. HP: 93/93 MP: 14/20
  8499 | D:9      | Found a transporter.
  8534 | D:9      | Noticed a two-headed ogre
  8632 | D:9      | Reached skill level 5 in Fighting
  9078 | D:9      | Killed a two-headed ogre
  9142 | D:9      | Reached ****** piety under Cheibriados
  9414 | D:10     | Entered Level 10 of the Dungeon
  9657 | D:10     | HP: 3/97 [orc warrior/+0 war axe (19)]
  9665 | D:10     | Slain by a wyvern zombie

Levels and vault maps discovered:
D:1:      ncdulo_watergridlock, layout_loops_cross
D:2:      layout_loops_ring, nicolae_ru_great_annihilating_truth, first_ration,
          nicolae_gozag_zags_fifth_avenue, uniq_natasha, uniq_robin
D:3:      cheibrodos_old_hovel, layout_basic,
          chequers_temple_overflow_minitemple, lemuel_crystal_altar,
          nicolae_overflow_crystal_walls, chequers_ecumenical_altar_grove
D:4:      layout_basic, minmay_temple_entry_overgrown, serial_shops, shop,
          st_stairs_8
D:5:      layout_basic, basic_altar, kennysheep_potato
D:6:      layout_rooms, serial_shops, shop
D:7:      layout_cave_pods
D:8:      layout_basic, nicolae_xom_altar_mimics, uniq_prince_ribbit1,
          uniq_psyche, uniq_pikel, uniq_maurice, uniq_gastronok
D:9:      gammafunk_sealed_arena, layout_loops_ring, david_nohive_1
D:10:     layout_roguey, david_orc_3, library_closet

Skill      XL: |  1  2  3  4  5  6  7  8  9 10 11 |
---------------+----------------------------------+-----
Fire Magic     | 4 5 6 7 8 9 11 | 11.1
Conjurations   | 3 4 6 8 9 |  9.7
Spellcasting   | 3 4 6 |  6.1
Invocations    | 2 |  2.1
Fighting       | 4 6 |  6.0
Evocations     | 1 4 |  4.4
Dodging        | |  1.5
Stealth        | |  3.0
Shields        | |  0.8

Action                   |  1- 3 |  4- 6 |  7- 9 | 10-12 || total
-------------------------+-------+-------+-------+-------++-------
Melee: Whip              |    23 |   114 |   139 |       ||   276
       Dagger            |     6 |       |       |       ||     6
       Staff             |       |       |    87 |    46 ||   133
 Cast: Flame Tongue      |    18 |    67 |    88 |   105 ||   278
       Sticky Flame      |       |       |    23 |    29 ||    52
       Fireball          |       |       |       |    20 ||    20
       Conjure Flame     |       |       |       |     5 ||     5
Invok: Temporal Distorti |       |       |       |     1 ||     1
 Abil: Spit Poison       |    11 |    23 |    13 |    27 ||    74
Evoke: Wand              |       |       |     4 |     7 ||    11
       Staff of energy   |       |       |       |     2 ||     2
  Use: Scroll            |     3 |     3 |     8 |     8 ||    22
       Potion            |       |     5 |       |     4 ||     9
 Stab: Sleeping          |     3 |     5 |     3 |     1 ||    12
       Paralysed         |       |     2 |       |       ||     2
  Eat: Chunk             |     1 |    10 |     8 |     6 ||    25
Armor: Robe              |     5 |    61 |    19 |       ||    85
       Leather armour    |       |       |   100 |   116 ||   216
Dodge: Dodged            |    17 |    87 |   157 |   140 ||   401
